AoeStats
← Burrito

Arabian Desert

509369633Analyzed
1v1 RM · 7d ago on Sep 26, 2026· 25m 14s· 2 players
Game mode
Random Map
Map size
Tiny (2 player)
Population
200
Speed
Normal
Resources
Standard
Victory
Conquest
Starting age
Dark Age
Ending age
Imperial Age
RankedLock teamsTeams togetherTeam positionsShared explorationLock speedFull tech treeHidden civsTurbo modeCheats
Victory
Defeat
🇳🇱 Inca · Netherlands
866
+46
🇳🇱 Franks · Netherlands
879
-17
ikbendom
11:25 Feudal Age
12:51 Wheelbarrow
12:02 Loom
12:14 Double-Bit Axe
12:12 Horse Collar
18:28 Fletching
22:48 Castle Age
21:40 Padded Archer Armor
22:15 Gold Mining
22:15 Stone Mining
23:10 Crossbowman
Burrito
10:29 Feudal Age
12:23 Double-Bit Axe
20:35 Castle Age
22:04 Loom
Connection lost

Rejoining the realm…

Still unreachable

The connection could not be restored.

Session expired

The server has moved on; the page needs a fresh start.